 Dungeon Crawl Stone Soup version 0.28.0-45-g0d030f2227 (webtiles) character file.

Game seed: 6140574659401784234

123 DoubleLucky the Conjurer (level 4, 0/36 HPs)
             Began as a Draconian Conjurer on Apr 8, 2022.
             Slain by an orc priest
             ... wielding a +0 mace
              (6 damage)
             ... on level 3 of the Dungeon on Apr 9, 2022.
             The game lasted 00:08:34 (4485 turns).

DoubleLucky the Conjurer (Draconian Conjurer)       Turns: 4485, Time: 00:08:35

Health: 0/36       AC:  5    Str: 10    XL:     4   Next: 80%
Magic:  0/8        EV: 12    Int: 20    God:
Gold:   67         SH:  0    Dex:  9    Spells: 5/8 levels left

rFire   . . .      SeeInvis .   c - +0 short sword
rCold   . . .      Faith    .   (no shield)
rNeg    . . .      Spirit   .   (armour unavailable)
rPois   .          Reflect  .   (helmet restricted)
rElec   .          Harm     .   (no cloak)
rCorr   .          Rampage  .   (no gloves)
Will    .....                   (no boots)
Stlth   ++........              l - amulet of the acrobat
HPRegen 0.12/turn               (no ring)
MPRegen 0.11/turn               (no ring)

@: no status effects
A: AC +5, unfitting armour, cold-blooded
a: no special abilities


You were on level 3 of the Dungeon.
You visited 1 branch of the dungeon, and saw 3 of its levels.

You collected 67 gold pieces.

Inventory:

Hand Weapons
 c - a +0 short sword (weapon)
Missiles
 b - 20 stones
Armour
 k - a +0 buckler
Jewellery
 l - an amulet of the acrobat (around neck)
 n - a ring of flight
Scrolls
 e - a scroll of teleportation
 g - a scroll of torment
 h - a scroll of identify
Potions
 a - a potion of cancellation {unknown}
 d - a potion of might {unknown}
 f - a potion of mutation {unknown}
 i - 2 potions of curing {unknown}
 j - a potion of degeneration {unknown}
 m - a potion of resistance {unknown}


   Skills:
 + Level 2.2 Fighting
 + Level 2.7 Dodging
 - Level 1.7 Stealth
 + Level 2.8 Spellcasting
 + Level 4.6 Conjurations


You had 5 spell levels left.
You knew the following spells:

 Your Spells              Type           Power      Damage    Failure   Level
a - Magic Dart            Conj           84%        1d7       2%          1
b - Searing Ray           Conj           42%        2d6       3%          2

Your spell library contained the following spells:

 Spells                   Type           Power      Damage    Failure   Level
 Dazzling Flash           Conj/Hex       24%        N/A       17%         3
 Fulminant Prism          Conj/Hex       6%         3d7       50%         4
 Iskenderun's Mystic Bla  Conj/Tloc      12%        2d5       50%         4


Dungeon Overview and Level Annotations

Branches:
Dungeon (3/15)

Altars:

Shops:
D:1 *


Innate Abilities, Weirdness & Mutations

Your plain brown scales are hard. (AC +5)
You cannot fit into any form of body armour.
You are cold-blooded and may be slowed by cold attacks.


Message History

The searing ray misses the orc priest.
You finish channelling your searing ray.
The orc priest closely misses you.
Casting: Searing Ray (safe; 3% risk of failure)
Confirm with . or Enter, or press ? or * to list all spells.
Aiming: Magic Dart (safe; 2% risk of failure)
Press: ? - help, Shift-Dir - straight line, f/p - orc priest
Aim: an orc priest, wielding a +0 mace and wearing a +0 ring mail (moderately wounded, 100% to hit)
The magic dart hits the orc priest but does no damage.
The orc priest is moderately wounded.
The orc priest hits you with a +0 mace!
You hit the orc priest but do no damage.
Your tail-slap misses the orc priest.
The orc priest is moderately wounded.
The orc priest calls down the wrath of Beogh upon you.
Beogh smites you!
Your magical contamination has completely faded away.
Casting: Magic Dart (safe; 2% risk of failure)
Confirm with . or Enter, or press ? or * to list all spells.
Aiming: Magic Dart (safe; 2% risk of failure)
Press: ? - help, Shift-Dir - straight line, f/p - orc priest
Aim: an orc priest, wielding a +0 mace and wearing a +0 ring mail (moderately wounded, 100% to hit)
The magic dart hits the orc priest.
The orc priest is heavily wounded.
The orc priest casts a cantrip, but nothing happens.
You hit the orc priest.
Your tail-slap misses the orc priest.
The orc priest is severely wounded.
The orc priest barely misses you.
You hit the orc priest.
Your tail-slap misses the orc priest.
The orc priest is almost dead.
The orc priest hits you with a +0 mace.
* * * LOW HITPOINT WARNING * * *
You hit the orc priest but do no damage.
The orc priest is almost dead.
The orc priest hits you with a +0 mace.
* * * LOW HITPOINT WARNING * * *
You barely miss the orc priest.
The orc priest is almost dead.
The orc priest hits you with a +0 mace.
You die...

##.....)..........####....
'........#......†..).....
..#.....'........###.... .
#..####........#.#....
#.......##.....#.#.... .
##..####...#...... ...
#.....'..........
.....###o.####..........
.......@................
................##+###.#
..#.............##+###.#
#+
................#......#
..
.....................###
.. .(>..............<...#
..
.....................###
.#
...##...................
+# ..............


You could see an orc priest.

Vanquished Creatures
  Terence (D:2)
  2 adders (D:2)
  2 worms (D:2)
  4 dart slugs
  8 orcs
  4 endoplasms
  A giant cockroach (D:1)
  6 goblins
  3 hobgoblins
  5 jackals
  3 quokkas
  2 ball pythons
  6 bats
  3 frilled lizards
  4 kobolds
  6 rats
60 creatures vanquished.

Notes
Turn   | Place    | Note
-------+----------+-------------------------------------------
     0 | D:1      | DoubleLucky the Draconian Conjurer began the quest for the
                  | Orb.
     0 | D:1      | Reached XP level 1. HP: 14/14 MP: 3/3
   451 | D:1      | Reached XP level 2. HP: 5/22 MP: 1/5
   770 | D:1      | Found a faded altar of an unknown god.
   800 | D:1      | Reached skill level 1 in Fighting
  1234 | D:1      | Found Hariv's Assorted Antiques.
  1373 | D:1      | Reached XP level 3. HP: 28/28 MP: 4/6
  1719 | D:1      | Learned a level 2 spell: Searing Ray
  2891 | D:2      | Noticed Terence
  2956 | D:2      | Killed Terence
  2957 | D:2      | Reached XP level 4. HP: 31/36 MP: 1/8
  4485 | D:3      | Slain by an orc priest

Illustrated notes

Levels and vault maps discovered:
D:1:      heliophobic_arrival_glass_houses, layout_basic,
          basic_ecumenical_altar, serial_shops, nicolae_shop_hallway_stairs,
          grunt_decor_arrowhead, st_stairs_3, minmay_misc_feat_doors
D:2:      layout_basic, uniq_terence
D:3:      layout_basic, kennysheep_cluttered_room

Skill      XL: |  1  2  3  4 |
---------------+-------------+-----
Dodging        | 2 |  2.7
Fighting       | 1 2 |  2.2
Stealth        | |  1.7
Spellcasting   | |  2.8
Conjurations   | |  4.6

Action                   |  1- 3 |  4- 6 || total
-------------------------+-------+-------++-------
Melee: Short sword       |    59 |    22 ||    81
       Tailslap          |     5 |     2 ||     7
 Cast: Magic Dart        |    54 |    30 ||    84
       Searing Ray       |     8 |     6 ||    14
  Use: Scroll            |       |     2 ||     2
Armor: Skin              |    31 |    13 ||    44
Dodge: Dodged            |    36 |    22 ||    58
